Map: Помечтай РВ

Players

llllllllllll

  • Race: Terran Terran
  • League: Master
  • Spawn Location: 7:00

IIIIIIIIIIII - Winner!

  • Race: Protoss Protoss
  • League: Master
  • Spawn Location: 1:00

VOD

https://youtu.be/oou7LcXrPtc

Description

Time

  • Played on: May 1, 2020, 9:03 a.m.
  • Length: 19:40
Show
View Real Time Build Order
Export as new Build Order

llllllllllll Terran 

Build Orders: Reaper Expand 

Get SALT Encoding   

  12  0:00  SCV  
  13  0:12  SCV  
  14  0:16  Supply Depot  
  14  0:24  SCV  
  15  0:38  SCV  
  15  0:40  Barracks  
  16  0:43  Refinery  
  16  0:50  SCV  
  17  1:02  SCV  
  18  1:14  SCV  
  19  1:27  Orbital Command  
  19  1:28  Reaper  
  20  1:38  Command Center  
  20  1:49  Engineering Bay  
  20  1:52  SCV  
  21  2:00  Barracks Reactor  
  21  2:05  Barracks  
  21  2:09  Supply Depot  
  21  2:10  SCV  
  23  2:22  SCV  
  23  2:23  Barracks  
  23  2:35  SCV  
  24  2:37  Marine x2  
  24  2:38  Refinery  
  24  2:42  Terran Infantry Weapons Level 1  
  26  2:47  SCV  
  26  2:51  Orbital Command  
  27  2:55  Barracks Tech Lab  
  27  2:59  SCV  
  27  3:02  Marine x2  
  30  3:11  SCV  
  30  3:12  Marine  
  32  3:13  Marine  
  32  3:18  Stimpack  
  33  3:20  Marine  
  33  3:21  SCV  
  33  3:23  SCV  
  36  3:30  Supply Depot  
  36  3:33  SCV, Marine  
  38  3:35  SCV  
  38  3:37  Barracks Tech Lab  
  38  3:38  Marine  
  40  3:45  SCV, Marine  
  40  3:48  SCV  
  43  3:50  Marine  
  43  3:55  Supply Depot  
  44  3:56  Marine  
  44  3:57  SCV, Combat Shield  
  44  3:58  Marauder  
  48  4:03  Marine  
  48  4:05  Missile Turret  
  48  4:08  Marine  
  50  4:10  SCV  
  50  4:15  SCV  
  52  4:18  Missile Turret  
  52  4:19  Marine x2  
  52  4:21  Marine  
  52  4:22  SCV  
  56  4:27  SCV  
  56  4:29  Supply Depot  
  57  4:32  Factory  
  57  4:37  Terran Infantry Armor Level 1  
  57  4:39  SCV x2  
  57  4:44  Marauder x2  
  62  4:50  Marine x2  
  62  4:51  Supply Depot  
  62  4:52  Supply Depot  
  64  4:59  SCV  
  64  5:03  Missile Turret  
  64  5:07  SCV  
  64  5:10  Marine x2  
  64  5:11  SCV, Marauder  
  64  5:13  Marauder  
  72  5:14  Supply Depot  
  72  5:19  Concussive Shells  
  72  5:24  SCV  
  72  5:26  Factory Reactor, Starport  
  71  5:29  SCV  
  71  5:32  Marine x2  
  71  5:33  Marauder  
  76  5:36  SCV  
  76  5:42  SCV, Refinery  
  75  5:50  Marauder, Marine x2  
  75  5:54  Marauder  
  75  5:56  SCV x2  
  83  6:05  Command Center  
  83  6:10  Medivac x2  
  87  6:16  SCV x2  
  77  6:29  Marauder x2, Marine x2  
  77  6:31  SCV x2  
  69  6:37  Refinery  
  69  6:41  Barracks x2  
  69  6:45  SCV x2  
  71  6:49  Marine x2  
  73  6:55  Medivac x2  
  73  6:58  SCV x2  
  79  7:02  Marauder x2  
  79  7:06  Marine x2  
  85  7:10  SCV x2  
  87  7:16  Armory  
  87  7:18  Engineering Bay, Orbital Command  
  87  7:24  Marauder x2, Marine  
  92  7:43  Marine x2  
  88  7:44  Barracks Reactor, Barracks Tech Lab  
  88  7:45  Marauder x2  
  88  7:47  Viking x2  
  95  7:51  Orbital Command  
  95  7:56  SCV x2  
  97  8:01  Marine x2  
  99  8:06  Marauder x2  
  99  8:07  Terran Infantry Armor Level 2, Terran Infantry Weapons Level 2  
  99  8:08  SCV x2  
  105  8:14  Starport  
  105  8:17  Supply Depot  
  105  8:18  Supply Depot  
  105  8:22  SCV x3  
  105  8:26  Supply Depot  
  108  8:34  SCV  
  108  8:35  Factory Reactor  
  108  8:38  Viking x2, Refinery x2  
  108  8:39  Supply Depot  
  113  8:47  Marauder x3, Marine x4  
  123  8:52  Terran Ship Weapons Level 1  
  123  8:53  SCV x3  
  126  9:01  Missile Turret  
  126  9:06  Marine x4  
  126  9:08  Marauder x3  
  136  9:11  Supply Depot  
  136  9:13  Supply Depot  
  136  9:14  Viking x2  
  140  9:18  SCV  
  141  9:26  Viking x2, SCV x2  
  141  9:28  Marine x2  
  149  9:32  Marine x2  
  149  9:36  Command Center  
  149  9:38  Ghost Academy  
  151  9:42  Supply Depot x2  
  151  9:45  Viking, Supply Depot  
  151  9:51  Viking  
  155  10:04  Viking x2  
  155  10:06  Ghost  
  155  10:07  Ghost x2  
  159  10:14  Enhanced Shockwaves, Bunker  
  165  10:23  Viking x2  
  165  10:24  Marine x4  
  173  10:29  Supply Depot  
  173  10:34  Supply Depot  
  173  10:42  Marauder x3  
  179  10:49  Terran Infantry Weapons Level 3  
  179  10:59  SCV x3  
  179  11:02  Terran Infantry Armor Level 3  
  171  11:24  Marauder  
  171  11:25  Marauder x2, Marine  
  153  11:30  Marine  
  137  11:35  Marine x2  
  115  11:45  Marauder  
  115  11:46  Marauder  
  110  11:47  Marauder  
  110  11:52  SCV  
  110  11:53  SCV  
  108  11:55  Planetary Fortress  
  108  11:57  Marine x2  
  108  11:58  Marine x2  
  112  12:03  Barracks  
  112  12:06  Barracks x2  
  112  12:07  Marauder x2  
  114  12:12  Marine  
  114  12:13  Liberator x4  
  114  12:15  Marine x3  
  119  12:17  Terran Ship Weapons Level 2  
  119  12:22  Refinery  
  120  12:23  Refinery  
  120  12:24  Marine  
  120  12:28  Marauder  
  120  12:29  Marauder  
  126  12:30  SCV x2  
  126  12:33  Marine x2  
  129  12:42  Marine x2  
  131  12:44  Barracks Tech Lab  
  131  12:46  Missile Turret  
  131  12:49  Marauder, Ghost, Missile Turret  
  135  12:52  Fusion Core  
  135  12:59  Barracks Reactor, Barracks Tech Lab  
  135  13:05  Marauder, Marine x3  
  138  13:06  Marine  
  138  13:11  Marauder  
  143  13:13  Missile Turret, Barracks Tech Lab  
  143  13:16  Viking  
  143  13:17  Viking  
  143  13:19  Marauder x2  
  151  13:23  Missile Turret  
  151  13:30  Marine x3  
  151  13:31  Marauder, Marine  
  151  13:32  Missile Turret  
  157  13:35  Missile Turret  
  157  13:38  Marauder x2, Marine x2  
  163  13:43  Advanced Ballistics  
  163  13:56  Marauder  
  163  13:57  Marauder  
  163  13:59  Marauder  
  161  14:10  Command Center  
  161  14:11  Marine x2  
  161  14:12  Marauder  
  161  14:13  Marine x3  
  168  14:17  Marine  
  150  14:27  Marine  
  150  14:28  Marine  
  143  14:36  Marauder  
  143  14:38  Marine x2  
  140  14:41  Marine x2  
  140  14:42  Liberator  
  140  14:43  Orbital Command  
  144  14:46  Marauder x2  
  148  14:56  Marine x2  
  148  14:57  Marauder  
  148  14:59  Marine  
  133  15:07  Marauder  
  133  15:13  Marauder  
  130  15:36  Orbital Command  
  125  15:47  Marauder, Marine x2  
  97  15:57  Marauder  
  97  15:59  SCV  
  98  16:06  SCV  
  99  16:16  Planetary Fortress  
  99  16:19  Liberator  
  102  16:26  Liberator  
  102  16:28  Marine x2  
  102  16:31  SCV  
  108  16:36  SCV  
  109  16:43  SCV, Marine x3  
  109  16:44  Marauder, Marine  
  116  16:48  SCV  
  116  16:50  Marine x2  
  119  17:00  Liberator x2  
  125  17:02  Marauder x2  
  125  17:05  SCV x2  
  125  17:06  Marauder  
  125  17:07  Marine x2  
  125  17:08  Marine x2  
  133  17:18  Liberator x2  
  137  17:23  Marauder x2  
  137  17:25  Marine  
  137  17:26  Marine x2  
  137  17:27  Marauder  
  138  17:44  Liberator x2  
  138  17:45  Marauder x2  
  138  17:49  Orbital Command, Marauder  
  146  17:53  Missile Turret  
  131  18:06  Marauder  
  92  18:26  Marauder  
  62  18:27  Marine x3  
  62  18:28  Marauder x2  
  65  18:36  Marine  
  66  18:45  Marine  
  61  18:49  Orbital Command  
Show
View Real Time Build Order
Export as new Build Order

IIIIIIIIIIII Protoss - Winner!

Build Orders: 1 Gate Expand, Phoenix Opening, Colossus Rush 

Get SALT Encoding   

  12  0:00  Probe  
  13  0:12  Probe  
  14  0:18  Pylon  
  14  0:24  Probe (Chrono Boost)  
  15  0:37  Probe (Chrono Boost), Gateway  
  16  0:44  Probe (Chrono Boost)  
  16  0:47  Assimilator  
  17  0:51  Probe  
  18  1:03  Probe  
  19  1:15  Probe  
  20  1:24  Nexus  
  20  1:33  Cybernetics Core  
  20  1:37  Probe  
  21  1:43  Assimilator  
  21  1:49  Probe  
  21  1:52  Pylon  
  22  2:01  Probe (Chrono Boost)  
  23  2:07  Adept (Chrono Boost)  
  23  2:13  Probe (Chrono Boost)  
  26  2:17  Probe (Chrono Boost)  
  26  2:22  Stargate  
  27  2:28  Probe (Chrono Boost)  
  28  2:30  Stalker  
  28  2:36  Probe (Chrono Boost)  
  31  2:40  Warp Gate  
  32  2:45  Probe (Chrono Boost)  
  32  2:46  Probe (Chrono Boost)  
  33  2:51  Probe (Chrono Boost)  
  33  2:52  Probe (Chrono Boost), Assimilator  
  35  3:02  Probe (Chrono Boost)  
  35  3:05  Probe (Chrono Boost), Phoenix  
  39  3:14  Probe (Chrono Boost)  
  39  3:17  Pylon  
  41  3:20  Stalker  
  41  3:21  Probe (Chrono Boost)  
  41  3:22  Probe (Chrono Boost)  
  44  3:29  Probe  
  44  3:31  Probe  
  46  3:35  Phoenix (Chrono Boost)  
  46  3:37  Pylon  
  48  3:43  Robotics Facility  
  48  3:45  Probe x2  
  50  3:50  Assimilator  
  50  3:53  Phoenix (Chrono Boost)  
  52  3:58  Probe x2  
  54  4:05  Gateway  
  54  4:08  Gateway  
  54  4:12  Probe x2  
  56  4:18  Phoenix  
  58  4:26  Pylon  
  58  4:32  Observer (Chrono Boost)  
  58  4:34  Robotics Bay  
  58  4:38  Probe x2  
  61  4:51  Immortal (Chrono Boost)  
  65  4:54  Nexus  
  65  5:02  Probe  
  65  5:03  Pylon  
  65  5:06  Pylon  
  66  5:08  Twilight Council  
  66  5:15  Sentry, Zealot  
  70  5:21  Colossus (Chrono Boost)  
  76  5:32  Shield Battery  
  76  5:34  Zealot  
  76  5:35  Zealot  
  80  5:36  Shield Battery  
  80  5:54  Zealot  
  82  5:58  Zealot  
  82  5:59  Zealot  
  82  6:00  Charge, Pylon  
  82  6:03  Colossus (Chrono Boost)  
  86  6:11  Probe x2  
  86  6:29  Probe (Chrono Boost)  
  81  6:34  Probe x2 (Chrono Boost), Extended Thermal Lance  
  81  6:39  Probe (Chrono Boost)  
  82  6:40  Forge x2  
  82  6:43  Probe (Chrono Boost)  
  85  6:47  Probe x2 (Chrono Boost), Stalker x3, Pylon  
  85  6:50  Probe (Chrono Boost)  
  85  6:52  Probe (Chrono Boost)  
  94  6:54  Probe (Chrono Boost)  
  94  6:55  Probe  
  94  6:57  Observer (Chrono Boost)  
  96  7:02  Probe  
  96  7:05  Probe  
  96  7:07  Probe  
  99  7:10  Pylon  
  99  7:13  Gateway  
  99  7:14  Probe  
  100  7:16  Gateway  
  100  7:17  Pylon  
  100  7:19  Observer  
  101  7:24  Protoss Ground Weapons Level 1 (Chrono Boost)  
  101  7:25  Zealot x3  
  107  7:31  Pylon  
  107  7:33  Pylon  
  107  7:34  Blink  
  101  7:47  Pylon, Colossus (Chrono Boost)  
  101  7:48  Forge  
  107  7:52  Stalker  
  107  7:53  Stalker x2  
  113  8:01  Probe x3  
  115  8:05  Assimilator  
  115  8:07  Assimilator  
  115  8:09  Pylon  
  115  8:13  Probe  
  115  8:15  Stalker  
  115  8:16  Stalker  
  115  8:17  Pylon  
  115  8:19  Stalker  
  122  8:20  Stalker, Pylon  
  122  8:24  Gateway  
  124  8:28  Pylon  
  124  8:32  Stalker  
  126  8:37  Disruptor  
  126  8:41  Stalker x2, Robotics Facility  
  129  8:42  Stalker, Protoss Ground Armor Level 1 (Chrono Boost)  
  129  8:44  Templar Archives  
  129  8:46  Stalker  
  137  8:57  Pylon  
  137  9:03  Gateway x2  
  137  9:04  Stalker x3  
  137  9:05  Gateway  
  137  9:08  Stalker  
  145  9:10  Stalker  
  145  9:16  Observer  
  145  9:23  Disruptor  
  148  9:29  Disruptor  
  151  9:32  Protoss Ground Weapons Level 2 (Chrono Boost)  
  151  9:33  Nexus  
  151  9:36  Pylon  
  151  9:41  Stalker x2  
  151  9:42  Zealot  
  157  9:53  Stalker x2  
  157  9:54  Zealot  
  157  9:57  Probe x2  
  157  9:58  Probe  
  157  9:59  Disruptor  
  169  10:09  Probe x2  
  169  10:10  Probe  
  169  10:11  Warp Prism  
  174  10:21  Probe  
  174  10:22  Stalker x2  
  174  10:23  Unknown, High Templar  
  174  10:24  High Templar  
  174  10:26  Pylon, Protoss Ground Armor Level 2 (Chrono Boost)  
  183  10:29  Archon  
  183  10:39  Gateway  
  183  10:40  Gateway  
  183  10:42  Gateway  
  183  10:49  Probe x3  
  186  10:50  Gravitic Drive (Chrono Boost)  
  186  10:53  Disruptor x2  
  173  11:28  Zealot x7  
  133  11:43  Colossus (Chrono Boost)  
  133  11:44  Colossus (Chrono Boost)  
  129  11:52  Zealot x7  
  129  11:53  Zealot x2  
  131  12:13  High Templar x3  
  131  12:14  High Templar x5  
  131  12:15  Zealot x4  
  149  12:20  Archon x4  
  141  12:29  Colossus (Chrono Boost)  
  141  12:33  Nexus  
  141  12:34  Protoss Ground Weapons Level 3 (Chrono Boost)  
  147  12:39  Disruptor (Chrono Boost)  
  147  12:40  Sentry, Protoss Ground Armor Level 3 (Chrono Boost)  
  147  12:41  Stalker x3  
  158  12:47  Pylon  
  158  12:51  Assimilator  
  158  12:55  Zealot x6, Assimilator  
  168  13:11  Warp Prism (Chrono Boost)  
  170  13:16  Probe x4  
  174  13:23  Stalker x4  
  174  13:24  Zealot x4  
  190  13:37  Robotics Facility  
  190  13:49  Zealot x4  
  193  14:12  Dark Shrine  
  166  14:30  Stalker x7  
  166  14:31  Zealot x5  
  163  15:06  Cybernetics Core  
  159  15:12  Probe x3  
  147  15:25  Probe  
  148  15:31  Protoss Shields Level 1 (Chrono Boost)  
  148  15:33  Pylon  
  148  15:34  Pylon  
  148  15:36  Pylon  
  148  15:37  Nexus  
  148  15:38  Pylon  
  148  15:39  Cybernetics Core  
  106  16:00  High Templar x5  
  106  16:01  High Templar x3  
  122  16:04  Archon x2  
  122  16:05  Archon x2  
  122  16:11  Robotics Facility  
  122  16:12  Robotics Facility  
  122  16:38  Dark Templar  
  122  16:39  Zealot x2, Dark Templar x5  
  133  17:03  Probe  
  134  17:16  Dark Templar x3  
  140  17:23  Pylon  
  140  17:25  Gateway  
  140  17:27  Gateway  
  140  17:28  Gateway  
  137  17:52  Stalker x3  
  107  18:29  Stalker x3  
  103  18:51  Stalker x2, Colossus (Chrono Boost)  
  103  18:52  Stalker x6, Colossus (Chrono Boost)  
  126  19:25  Dark Templar x3  
Tags
 
Add a new tag
Caveats
  • Supply blocks, unpowered buildings, or Contaminate may cause inaccurate times.
  • Supply counts are checked every 10 seconds.